| TOP OF THE 1ST |
|
San Juan Pitorros batting - Pitching for Montego Bay Reefers : RHP Roger McDowell
|
|
Pitching: RHP Roger McDowell
|
|
|
Batting: LHB Jeffrey Szczecinski
|
0-0: Ball 1-0: Ground out 6-3 (Groundball, 6M, EV 90.6 MPH)
|
|
Batting: RHB Rafael Ramirez
|
0-0: Called Strike 0-1: Ground out 4-3 (Groundball, 4M, EV 92.5 MPH)
|
|
Batting: RHB Tim Teufel
|
0-0: Ball 1-0: Foul Ball, location: 2F 1-1: Ball 2-1: Foul Ball, location: 2F 2-2: Ball 3-2: Strikes out swinging
|
| Top of the 1st over - 0 runs, 0 hits, 0 errors, 0 left on base; San Juan 0 - Montego Bay 0 |
| BOTTOM OF THE 1ST |
|
Montego Bay Reefers batting - Pitching for San Juan Pitorros : RHP Jim Acker
|
|
Pitching: RHP Jim Acker
|
|
|
Batting: LHB Matt Hall
|
0-0: Called Strike 0-1: Fly out, F8 (Flyball, 8RD, EV 95.6 MPH)
|
|
Batting: RHB Antonio Quevedo
|
0-0: Called Strike 0-1: Foul Ball, location: 2F 0-2: Ground out 4-3 (Groundball, 4, EV 100.0 MPH)
|
|
Batting: RHB Brook Jacoby
|
0-0: Ball 1-0: Called Strike 1-1: Called Strike 1-2: Ball 2-2: SINGLE (Flyball, 8LS, EV 93.8 MPH)
|
|
Batting: RHB Jim Presley
|
0-0: Foul Ball, location: 2F 0-1: Ground out 6-3 (Groundball, 6S, EV 84.4 MPH)
|
| Bottom of the 1st over - 0 runs, 1 hit, 0 errors, 1 left on base; San Juan 0 - Montego Bay 0 |
| TOP OF THE 2ND |
|
San Juan Pitorros batting - Pitching for Montego Bay Reefers : RHP Roger McDowell
|
|
Batting: LHB Franklin Stubbs
|
0-0: Foul Ball, location: 2F 0-1: Ball 1-1: Ball 2-1: Ball 3-1: SINGLE (Line Drive, 4MD, EV 94.4 MPH)
|
|
Batting: SHB Dave Cochrane
|
0-0: Ball 1-0: Ball 2-0: Ball 3-0: Base on Balls Franklin Stubbs to second
|
|
Batting: SHB Ozzie Smith
|
0-0: Foul Ball, location: 2F 0-1: Fly out, F9 (Flyball, 9LM, EV 93.1 MPH) Runner from 2nd tags up, SAFE at 3rd, no throw by RF
|
|
Batting: RHB Bob Hendershot
|
0-0: Ball 1-0: Ball 2-0: Ball 3-0: Called Strike 3-1: Base on Balls Dave Cochrane to second
|
|
Batting: SHB Kevin King
|
0-0: Called Strike 0-1: Ball 1-1: Called Strike 1-2: Ball 2-2: Fly out, F7 (Flyball, 7LM, EV 95.0 MPH)
|
|
Batting: RHB Chris Brown
|
0-0: Fielders Choice at 2nd, 5-4 (Groundball, 56, EV 80.0 MPH)
|
| Top of the 2nd over - 0 runs, 1 hit, 0 errors, 3 left on base; San Juan 0 - Montego Bay 0 |
| BOTTOM OF THE 2ND |
|
Montego Bay Reefers batting - Pitching for San Juan Pitorros : RHP Jim Acker
|
|
Batting: RHB Alvaro Espinoza
|
0-0: Ball 1-0: Ball 2-0: SINGLE (Groundball, 4MD, EV 104.4 MPH)
|
|
Batting: LHB Alex Castaneda
|
0-0: Foul Ball, location: 2F 0-1: Ball 1-1: Ball 2-1: Fielders Choice at 2nd, 6-4 (Groundball, 6D, EV 83.1 MPH)
|
|
Batting: RHB Barry Lyons
|
0-0: DOUBLE (Line Drive, 9LS, EV 106.9 MPH) Alex Castaneda to third Alex Castaneda scores
|
|
Batting: RHB Phil Lombardi
|
0-0: Called Strike 0-1: Ball 1-1: Foul Ball, location: 2F 1-2: Foul Ball, location: 2F 1-2: Foul Ball, location: 2F 1-2: Strikes out looking
|
|
Batting: SHB Manny Galvez
|
0-0: Ball 1-0: DOUBLE (Line Drive, 9LM, EV 107.5 MPH) Barry Lyons scores
|
|
Batting: LHB Matt Hall
|
0-0: Called Strike 0-1: Ball 1-1: Swinging Strike 1-2: Strikes out swinging
|
| Bottom of the 2nd over - 2 runs, 3 hits, 0 errors, 1 left on base; San Juan 0 - Montego Bay 2 |
| TOP OF THE 3RD |
|
San Juan Pitorros batting - Pitching for Montego Bay Reefers : RHP Roger McDowell
|
|
Batting: LHB Jeffrey Szczecinski
|
0-0: Ball 1-0: Called Strike 1-1: Called Strike 1-2: Ground out 6-3 (Groundball, 6M, EV 107.5 MPH)
|
|
Batting: RHB Rafael Ramirez
|
0-0: SINGLE (Groundball, 4MD, EV 105.6 MPH)
|
|
Batting: RHB Tim Teufel
|
0-0: Called Strike 0-1: Called Strike 0-2: Ball 1-2: Grounds into double play, 5-4-3 (Groundball, 56, EV 84.4 MPH)
|
| Top of the 3rd over - 0 runs, 1 hit, 0 errors, 0 left on base; San Juan 0 - Montego Bay 2 |
| BOTTOM OF THE 3RD |
|
Montego Bay Reefers batting - Pitching for San Juan Pitorros : RHP Jim Acker
|
|
Batting: RHB Antonio Quevedo
|
0-0: Called Strike 0-1: Foul Ball, location: 2F 0-2: Ball 1-2: Ball 2-2: Strikes out swinging
|
|
Batting: RHB Brook Jacoby
|
0-0: Ball 1-0: Called Strike 1-1: Foul Ball, location: 2F 1-2: Ball 2-2: Strikes out swinging
|
|
Batting: RHB Jim Presley
|
0-0: Swinging Strike 0-1: Hit by Pitch
|
|
Batting: RHB Alvaro Espinoza
|
0-0: Ball Jim Presley steals 2nd base 1-0: Called Strike 1-1: Ball 2-1: Swinging Strike 2-2: Ground out 4-3 (Groundball, 34D, EV 107.5 MPH)
|
| Bottom of the 3rd over - 0 runs, 0 hits, 0 errors, 1 left on base; San Juan 0 - Montego Bay 2 |
| TOP OF THE 4TH |
|
San Juan Pitorros batting - Pitching for Montego Bay Reefers : RHP Roger McDowell
|
|
Batting: LHB Franklin Stubbs
|
0-0: Called Strike 0-1: Foul Ball, location: 2F 0-2: Ball 1-2: Ball 2-2: Ball 3-2: Reached on error, E1 (Groundball, 13S, EV 66.3 MPH)
|
|
Batting: SHB Dave Cochrane
|
0-0: Ball 1-0: Ball 2-0: Foul Ball, location: 2F 2-1: Foul Ball, location: 2F 2-2: 2-RUN HOME RUN (Flyball, 8RXD, EV 105.6 MPH), Distance : 445 ft
|
|
Batting: SHB Ozzie Smith
|
0-0: Called Strike 0-1: SINGLE (Groundball, 34D, EV 102.5 MPH)
|
|
Batting: RHB Bob Hendershot
|
0-0: Ball 1-0: Called Strike 1-1: Ball 2-1: Foul Ball, location: 2F 2-2: Ball 3-2: Strikes out looking
|
|
Batting: SHB Kevin King
|
0-0: Called Strike Ozzie Smith steals 2nd base 0-1: Ball 1-1: Called Strike 1-2: Ball 2-2: Ball 3-2: Strikes out swinging
|
|
Batting: RHB Chris Brown
|
0-0: Ball 1-0: Ball 2-0: Foul Ball, location: 2F 2-1: SINGLE (Groundball, 5S, EV 72.5 MPH) (infield hit) Ozzie Smith to third
|
|
Batting: LHB Jeffrey Szczecinski
|
0-0: Called Strike 0-1: Foul Ball, location: 2F 0-2: Ball 1-2: Foul Ball, location: 2F 1-2: Foul Ball, location: 2F 1-2: Ball 2-2: Ground out 5-3 (Groundball, 25, EV 82.5 MPH)
|
| Top of the 4th over - 2 runs, 3 hits, 1 error, 2 left on base; San Juan 2 - Montego Bay 2 |
| BOTTOM OF THE 4TH |
|
Montego Bay Reefers batting - Pitching for San Juan Pitorros : RHP Jim Acker
|
|
Batting: LHB Alex Castaneda
|
0-0: Ground out 4-3 (Groundball, 4, EV 87.5 MPH)
|
|
Batting: RHB Barry Lyons
|
0-0: Ball 1-0: Ball 2-0: Ball 3-0: Called Strike 3-1: Fly out, F8 (Flyball, 8RD, EV 85.0 MPH)
|
|
Batting: RHB Phil Lombardi
|
0-0: Fly out, F8 (Flyball, 89M, EV 91.3 MPH)
|
| Bottom of the 4th over - 0 runs, 0 hits, 0 errors, 0 left on base; San Juan 2 - Montego Bay 2 |
| TOP OF THE 5TH |
|
San Juan Pitorros batting - Pitching for Montego Bay Reefers : RHP Roger McDowell
|
|
Batting: RHB Rafael Ramirez
|
0-0: Ball 1-0: Ball 2-0: Called Strike 2-1: SINGLE (Line Drive, 9LS, EV 96.9 MPH)
|
|
Pitching: LHP Ken Dayley
|
|
|
Batting: RHB Tim Teufel
|
0-0: Called Strike 0-1: Swinging Strike 0-2: Ball 1-2: Ball 2-2: Strikes out looking
|
|
Batting: LHB Franklin Stubbs
|
0-0: Ball 1-0: Called Strike 1-1: Ball 2-1: Ball 3-1: Foul Ball, location: 2F 3-2: Strikes out looking
|
|
Batting: SHB Dave Cochrane
|
0-0: Called Strike 0-1: Called Strike 0-2: Foul Ball, location: 2F 0-2: Ball Rafael Ramirez steals 2nd base 1-2: Foul Ball, location: 2F 1-2: Strikes out swinging, 2-3 out at first.
|
| Top of the 5th over - 0 runs, 1 hit, 0 errors, 1 left on base; San Juan 2 - Montego Bay 2 |
| BOTTOM OF THE 5TH |
|
Montego Bay Reefers batting - Pitching for San Juan Pitorros : RHP Jim Acker
|
|
Batting: SHB Manny Galvez
|
0-0: Ball 1-0: Ball 2-0: Ball 3-0: Base on Balls
|
|
Batting: LHB Matt Hall
|
0-0: Ball 1-0: DOUBLE (Line Drive, 7D, EV 95.6 MPH) Manny Galvez to third
|
|
Batting: RHB Antonio Quevedo
|
0-0: Ball 1-0: Ground out 5-3 (Groundball, 5S, EV 91.3 MPH)
|
|
Batting: RHB Brook Jacoby
|
0-0: Called Strike 0-1: Ball 1-1: Ball 2-1: Ball 3-1: Base on Balls
|
|
Batting: RHB Jim Presley
|
0-0: Foul Ball, location: 2F 0-1: Ball 1-1: SINGLE (Flyball, 34D, EV 84.4 MPH) Manny Galvez scores Matt Hall to third Brook Jacoby to second
|
|
Batting: RHB Alvaro Espinoza
|
0-0: Called Strike 0-1: Ball 1-1: Called Strike 1-2: Ball 2-2: Fly out, F4 (Popup, 23, EV 86.3 MPH)
|
|
Batting: LHB Alex Castaneda
|
0-0: Foul Ball, location: 2F 0-1: Fly out, F9 (Line Drive, 9, EV 89.4 MPH)
|
| Bottom of the 5th over - 1 run, 2 hits, 0 errors, 3 left on base; San Juan 2 - Montego Bay 3 |
| TOP OF THE 6TH |
|
San Juan Pitorros batting - Pitching for Montego Bay Reefers : LHP Ken Dayley
|
|
Batting: SHB Ozzie Smith
|
0-0: SINGLE (Line Drive, 6MD, EV 97.5 MPH)
|
|
Batting: RHB Bob Hendershot
|
0-0: Reached on error, E4 (Popup, 34, EV 55.0 MPH) Ozzie Smith to second
|
|
Batting: SHB Kevin King
|
0-0: Ball 1-0: Ball 2-0: Foul Ball, location: 2F 2-1: Foul Ball, location: 2F 2-2: Ball 3-2: Fly out, F8 (Line Drive, 8RD, EV 92.5 MPH)
|
|
Batting: RHB Chris Brown
|
0-0: Foul Ball, location: 2F 0-1: Ball 1-1: Called Strike Balk! Ozzie Smith to third Bob Hendershot to second 1-2: Strikes out swinging
|
|
Batting: LHB Jeffrey Szczecinski
|
0-0: Foul Ball, location: 2F 0-1: Ball 1-1: Foul Ball, location: 2F 1-2: Foul Ball, location: 2F 1-2: Ball Wild Pitch! Ozzie Smith scores Bob Hendershot to third 2-2: Ground out 6-3 (Groundball, 6M, EV 87.5 MPH)
|
| Top of the 6th over - 1 run, 1 hit, 1 error, 1 left on base; San Juan 3 - Montego Bay 3 |
| BOTTOM OF THE 6TH |
|
Montego Bay Reefers batting - Pitching for San Juan Pitorros : RHP Jim Acker
|
|
Batting: RHB Barry Lyons
|
0-0: Called Strike 0-1: Swinging Strike 0-2: Ball 1-2: Fly out, F9 (Flyball, 9, EV 95.0 MPH)
|
|
Batting: RHB Phil Lombardi
|
0-0: Swinging Strike 0-1: Ball 1-1: Ground out 5-3 (Groundball, 56, EV 100.0 MPH)
|
|
Batting: SHB Manny Galvez
|
0-0: Called Strike 0-1: Called Strike 0-2: Ball 1-2: Ball 2-2: Fly out, F8 (Line Drive, 8RM, EV 93.8 MPH)
|
| Bottom of the 6th over - 0 runs, 0 hits, 0 errors, 0 left on base; San Juan 3 - Montego Bay 3 |
| TOP OF THE 7TH |
|
San Juan Pitorros batting - Pitching for Montego Bay Reefers : LHP Ken Dayley
|
|
Batting: RHB Rafael Ramirez
|
0-0: Called Strike 0-1: Ball 1-1: Called Strike 1-2: Ball 2-2: Ball 3-2: Base on Balls
|
|
Batting: RHB Tim Teufel
|
0-0: Called Strike 0-1: Ball 1-1: SINGLE (Line Drive, 78M, EV 93.8 MPH) Rafael Ramirez to second
|
|
Batting: LHB Franklin Stubbs
|
0-0: Ball 1-0: SINGLE (Groundball, 4M, EV 88.1 MPH) (infield hit) Rafael Ramirez to third Tim Teufel to second
|
|
Batting: SHB Dave Cochrane
|
0-0: SINGLE (Groundball, 56D, EV 96.3 MPH) Rafael Ramirez scores Tim Teufel to third Franklin Stubbs to second Runner from 3rd tries for Home, SAFE, throw by LF to home
|
|
Pitching: LHP Juan Valdez
|
|
|
Batting: SHB Ozzie Smith
|
0-0: Swinging Strike 0-1: Foul Ball, location: 2F 0-2: Ball 1-2: Fly out, F9 (Flyball, 9S, EV 91.3 MPH)
|
|
Batting: RHB Bob Hendershot
|
0-0: Foul Ball, location: 2F 0-1: Ball 1-1: Fielders Choice at 2nd, 5-4 (Groundball, 56, EV 80.6 MPH) Franklin Stubbs to third
|
|
Batting: SHB Kevin King
|
0-0: Ball 1-0: Ball 2-0: Reached on error, E7 (Line Drive, 7D, EV 92.5 MPH) Franklin Stubbs scores Bob Hendershot to third
|
|
Batting: RHB Chris Brown
|
0-0: Fly out, F4 (Popup, 34D, EV 46.9 MPH)
|
| Top of the 7th over - 3 runs, 3 hits, 1 error, 2 left on base; San Juan 6 - Montego Bay 3 |
| BOTTOM OF THE 7TH |
|
Montego Bay Reefers batting - Pitching for San Juan Pitorros : RHP Jim Acker
|
|
Batting: LHB Matt Hall
|
0-0: Ground out 6-3 (Groundball, 6, EV 105.6 MPH)
|
|
Batting: RHB Antonio Quevedo
|
0-0: SINGLE (Groundball, 56S, EV 71.3 MPH) (infield hit)
|
|
Batting: RHB Brook Jacoby
|
0-0: Swinging Strike 0-1: Called Strike 0-2: Ball 1-2: Strikes out looking
|
|
Batting: RHB Jim Presley
|
0-0: Ball 1-0: Ball 2-0: Fly out, F8 (Line Drive, 8LM, EV 88.8 MPH)
|
| Bottom of the 7th over - 0 runs, 1 hit, 0 errors, 1 left on base; San Juan 6 - Montego Bay 3 |
| TOP OF THE 8TH |
|
San Juan Pitorros batting - Pitching for Montego Bay Reefers : LHP Juan Valdez
|
|
Pitching: LHP Scott Bailes
|
|
|
Batting: LHB Jeffrey Szczecinski
|
0-0: Called Strike 0-1: Called Strike 0-2: Strikes out looking
|
|
Batting: RHB Rafael Ramirez
|
0-0: Ball 1-0: Called Strike 1-1: Ball 2-1: Fly out, F4 (Popup, 3S, EV 75.0 MPH)
|
|
Batting: RHB Tim Teufel
|
0-0: Foul Ball, location: 2F 0-1: Ground out 6-3 (Groundball, 6, EV 98.1 MPH)
|
| Top of the 8th over - 0 runs, 0 hits, 0 errors, 0 left on base; San Juan 6 - Montego Bay 3 |
| BOTTOM OF THE 8TH |
|
Montego Bay Reefers batting - Pitching for San Juan Pitorros : RHP Jim Acker
|
|
Batting: RHB Alvaro Espinoza
|
0-0: Ball 1-0: Ball 2-0: Foul Ball, location: 2F 2-1: Ball 3-1: Foul Ball, location: 2F 3-2: Strikes out swinging
|
|
Batting: LHB Alex Castaneda
|
0-0: Fly out, F7 (Flyball, 7D, EV 100.0 MPH)
|
|
Batting: RHB Barry Lyons
|
0-0: Ball 1-0: Ball 2-0: Foul Ball, location: 2F 2-1: Swinging Strike 2-2: Ground out U3 (Groundball, 3, EV 81.9 MPH)
|
| Bottom of the 8th over - 0 runs, 0 hits, 0 errors, 0 left on base; San Juan 6 - Montego Bay 3 |
| TOP OF THE 9TH |
|
San Juan Pitorros batting - Pitching for Montego Bay Reefers : LHP Scott Bailes
|
|
Batting: LHB Franklin Stubbs
|
0-0: Called Strike 0-1: Called Strike 0-2: Ball 1-2: Ball 2-2: Ball 3-2: Fly out, F8 (Line Drive, 8RD, EV 89.4 MPH)
|
|
Batting: SHB Dave Cochrane
|
0-0: Ball 1-0: Ball 2-0: Ball 3-0: Base on Balls
|
|
Batting: SHB Ozzie Smith
|
0-0: Called Strike 0-1: Grounds into double play, 5-4-3 (Groundball, 56S, EV 90.6 MPH)
|
| Top of the 9th over - 0 runs, 0 hits, 0 errors, 0 left on base; San Juan 6 - Montego Bay 3 |
| BOTTOM OF THE 9TH |
|
Montego Bay Reefers batting - Pitching for San Juan Pitorros : RHP Jim Acker
|
|
Pitching: RHP Mike Morgan
|
|
|
Now at 1B: Pat Dodson
|
|
|
Now in LF: Mike A Marshall
|
|
|
Now in RF: Jose Aguirre
|
|
|
Batting: RHB Phil Lombardi
|
0-0: Ball 1-0: Ground out 3-1 (Groundball, 34S, EV 85.6 MPH)
|
|
Batting: SHB Manny Galvez
|
0-0: Ball 1-0: SINGLE (Line Drive, 7S, EV 86.3 MPH)
|
|
Batting: LHB Matt Hall
|
0-0: Ball 1-0: Called Strike 1-1: Ball 2-1: Called Strike 2-2: Strikes out looking
|
|
Batting: RHB Antonio Quevedo
|
0-0: Ball 1-0: Foul Ball, location: 2F 1-1: Ball 2-1: Ball Wild Pitch! Manny Galvez to second 3-1: Ground out 5-3 (Groundball, 56, EV 80.6 MPH)
|
| Bottom of the 9th over - 0 runs, 1 hit, 0 errors, 1 left on base; San Juan 6 - Montego Bay 3 |
|